[Event "Early-Titled-Tuesday-Blitz-September-26-2023"]
[Site "Chess.com"]
[Date "2023.09.26"]
[Round "8"]
[White "Agibileg"]
[Black "AradNazari"]
[Result "1/2-1/2"]
[WhiteElo "2671"]
[BlackElo "2796"]
[TimeControl "180+1"]
[EndTime "9:30:17 PDT"]
[Termination "Game drawn by repetition"]

1. d4 Nf6 2. c4 g6 3. Nc3 d5 4.
cxd5 Nxd5 5. e4 Nxc3 6. bxc3 Bg7 7. Nf3 O-O 8. Rb1 c5 9. Be2 Bg4 10. d5 Bxc3+ 11. Bd2 Bxd2+ 12. Qxd2 b6 13. h4 h5 14. Qh6 Bxf3 15. gxf3 Qd6 16. f4 Qf6 17. Bxh5 Qc3+ 18.
Kf1 Qd3+ 19. Kg2 Qd4 20. Rbg1 Qg7 21. Qxg7+ Kxg7 22. Bf3 Nd7 23. h5 Rh8 24. Kf1 c4 25. e5 Raf8 26. Ke2 Rh6 27. hxg6 fxg6 28. Rxh6 Kxh6 29. Ke3 Nc5 30. Bd1 Nd3 31. Rg4 b5 32.
Bc2 a5 33. Bxd3 cxd3 34. Kxd3 b4 35. Rh4+ Kg7 36. Kc4 Rc8+ 37. Kb5 Rc2 38. Kxa5 Rxa2+ 39. Kxb4 Rxf2 40. Kc5 Rc2+ 41. Kd4 Ra2 42. Rg4 Kf7 43. Rg1 Ra4+ 44. Ke3 Ra5 45. Rd1 Ra3+ 46. Ke4 Ra4+ 47. Kf3 Ra2 48. d6 exd6 49. exd6 Ke8 50. d7+ Kd8 51.
Rd6 Rb2 52. Ke4 Re2+ 53. Kf3 Rb2 54. Kg3 Ra2 55. Rd3 Rb2 56. Kf3 Ra2 57. Kg4 Rg2+ 58. Kf3 Ra2 59. Rd6 Rb2 1/2-1/2

[Event "Early-Titled-Tuesday-Blitz-September-26-2023"]
[Site "Chess.com"]
[Date "2023.09.26"]
[Round "8"]
[White "profedechess93"]
[Black "Flaccidmoves"]
[Result "1/2-1/2"]
[WhiteElo "2654"]
[BlackElo "2470"]
[TimeControl "180+1"]
[EndTime "9:30:17 PDT"]
[Termination "Game drawn by repetition"]

1. e4 e5 2. Nf3 Nc6 3. Bc4 Nf6 4. d3 Bc5 5. c3 O-O 6. Bb3 d5 7. Qe2 Bg4 8. Nbd2 a5 9. a4 Re8 10. h3 Bh5 11. Nf1 Bg6 12. Ng3 Nb8 13. Bg5 c6 14. Nh2 Qb6 15. Ba2 Nbd7 16. Ng4 Nxg4 17. hxg4 Nf8 18.
exd5 cxd5 19. Bxd5 Ne6 20. Bxe6 Rxe6 21. Ne4 Bf8 22.
O-O Rc8 23. Be3 Qc6 24. f3 Rd8 25. Rfd1 Re7 26. Qf2 Red7 27. Bb6 Rc8 28. Bxa5 f6 29. Bb4 Bxb4 30. cxb4 Bf7 31. b5 Qd5 32. Nc3 Qd4 33. Qxd4 Rxd4 34. Kf2 Rb4 35. Rd2 Rb3 36. a5 Ra8 37.
Ke2 Be8 38. b6 Rxb6 39. axb6 Rxa1 40. d4 exd4 41. Rxd4 Bc6 42. Rb4 Rg1 43. Kf2 Rc1 44. Kg3 Rc2 45. Ne4 Bxe4 46. fxe4 Kf7 47. Rd4 Ke6 48.
Rb4 Ke5 49. Kf3 h6 50. Rb5+ Ke6 51. g3 g6 52. Kf4 Rd2 53. Ke3 Rc2 54. Kf3 Rd2 55. Rb4 Rd3+ 56. Kf2 Rd2+ 57. Ke3 Rc2 58. Kf3 Rd2 59. Rb3 Rc2 60. Ke3 Rg2 61. Kf3 Rc2 62. Ke3 Rg2 63. Kf4 Rc2 64. Kf3 Rd2 65.
Ke3 Rc2 66. Kf3 Rd2 67. Ke3 Rc2 68. Kf3 1/2-1/2

[Event "Early-Titled-Tuesday-Blitz-September-26-2023"]
[Site "Chess.com"]
[Date "2023.09.26"]
[Round "8"]
[White "Mikhail_Golubev"]
[Black "kroppar"]
[Result "0-1"]
[WhiteElo "2575"]
[BlackElo "2419"]
[TimeControl "180+1"]
[EndTime "9:30:17 PDT"]
[Termination "kroppar won on time"]

1. e4 d5 2. exd5 Qxd5 3. Nf3 Nf6 4. d4 c6 5. Be2 Bg4 6. O-O Nbd7 7. c4 Qa5 8. Nc3 e6 9. Bf4 Bb4 10. Rc1 O-O 11.
a3 Be7 12. h3 Bh5 13. Ne5 Bxe2 14. Qxe2 Rfd8 15. Nf3 Bf8 16. Rfe1 c5 17. dxc5 Qxc5 18. b4 Qf5 19. Bc7 Re8 20. Red1 Rac8 21. Bh2 Nb6 22. Nd4 Qh5 23. Qxh5 Nxh5 24. c5 Nc4 25. Ncb5 Nb2 26. Rd2 Red8 27. Rxb2 a6 28. Na7 Ra8 29. c6 Rxa7 30. c7 Rc8 31. b5 Bxa3 32. bxa6 Bxb2 33.
Rb1 Rxa6 34. g4 Ra1 35. Rxa1 Bxa1 36. Nb5 Nf6 37. Na7 Rxc7 38. Bxc7 Kf8 39. Nb5 Ke8 40.
Bf4 Nd5 41. Nd6+ Kd7 42. Bg3 f6 43. Nxb7 e5 44. Nc5+ Kc6 45. Nb3 Bd4 46. Nc1 Kc5 47.
Kg2 Kc4 48. Ne2 Nc3 49. Ng1 Kd3 50. Nf3 Ne2 51. g5 Nxg3 52. Kxg3 Ke4 53. gxf6 gxf6 54. Nh2 Kf5 55. Nf1 Bc5 56. Nd2 Bb4 57. Nc4 Be1 58. Ne3+ Kg6 59. Ng2 Bd2 60. Nh4+ Kg7 61. Kg4 Bc1 0-1

[Event "Early-Titled-Tuesday-Blitz-September-26-2023"]
[Site "Chess.com"]
[Date "2023.09.26"]
[Round "8"]
[White "ElenaPershina"]
[Black "Rosh1610"]
[Result "1/2-1/2"]
[WhiteElo "2327"]
[BlackElo "2465"]
[TimeControl "180+1"]
[EndTime "9:30:19 PDT"]
[Termination "Game drawn by repetition"]

1. c4 e5 2. g3 Nf6 3. Bg2 c6 4. Nf3 d6 5. Nc3 g6 6. O-O Bg7 7.
d3 O-O 8. Rb1 a5 9. a3 Be6 10. Bd2 h6 11. b4 axb4 12. axb4 Nbd7 13. b5 d5 14. cxd5 cxd5 15. d4 e4 16. Ne1 Ne8 17. Nc2 Nd6 18. Qc1 Nc4 19. Bxh6 Bxh6 20. Qxh6 Ndb6 21.
h4 Nd6 22. Ne3 Ra3 23. Rfc1 Qf6 24. h5 Rc8 25. Ncd1 Rxc1 26. Rxc1 Nxb5 27. Rb1 Ra5 28.
hxg6 fxg6 29. Bh3 Bxh3 30. Qxh3 Nxd4 31. Nc3 Ra6 32. Ng4 Nf3+ 33. exf3 Qxc3 34. Nh6+ Kg7 35. fxe4 dxe4 36. Rd1 Ra1 37. Rxa1 Qxa1+ 38. Kg2 e3 39. fxe3 Qb2+ 40. Kf3 Qf6+ 41. Kg2 Qc6+ 42. Kf2 Nd5 43.
Ng4 Qc2+ 44. Kg1 Qd1+ 45. Kg2 Qe2+ 46. Kg1 Qe1+ 47. Kh2 Qd2+ 48. Kh1 Qd1+ 49. Kh2 Qc2+ 50. Kh1 Qd1+ 51. Kh2 Qe2+ 52. Kh1 Qf3+ 53. Kh2 Kg8 54. Nh6+ Kg7 55. Ng4 Qe2+ 56. Kh1 Qe1+ 57. Kh2 Kg8 58. Nh6+ Kh7 59. Nf5+ Kg8 60. Nh6+ Kg7 61. Ng4 1/2-1/2

[Event "Early-Titled-Tuesday-Blitz-September-26-2023"]
[Site "Chess.com"]
[Date "2023.09.26"]
[Round "8"]
[White "Chessbard1972"]
[Black "Jaka_Brilej"]
[Result "1/2-1/2"]
[WhiteElo "2385"]
[BlackElo "2497"]
[TimeControl "180+1"]
[EndTime "9:30:20 PDT"]
[Termination "Game drawn by repetition"]

1. e4 e6 2. d4 d5 3. e5 c5 4. c3 Nc6 5. Nf3 Qb6 6. a3 Nh6 7. b4 cxd4 8. cxd4 Nf5 9. Bb2 Be7 10. g4 Nh4 11. Nxh4 Bxh4 12. Bd3 Bd7 13. O-O O-O 14.
Bc2 f6 15. Qd3 g6 16. exf6 Rxf6 17. Nd2 Raf8 18. f3 Bg5 19. Nb3 Ne5 20. Qe2 Nxf3+ 21.
Kh1 Bb5 22. Bd3 Bxd3 23. Qxd3 Qd6 24. Qe2 Nxh2 25. Rxf6 Rxf6 26. Qxh2 Qxh2+ 27. Kxh2 Rf2+ 28. Kg3 Rxb2 29. Nc5 Be3 30. Nxe6 b6 31. Rf1 Bh6 32. Rf3 Re2 33. Nc7 Be3 34. Ne6 Bh6 35. Nc7 Bg7 36.
Rd3 Re4 37. Nxd5 Rxd4 38. Ne7+ Kf7 39. Re3 Rd6 40. Nc8 Rd7 41. b5 Bf8 42. Rf3+ Ke8 43. Rf6 Bc5 44. a4 Kd8 45. Rc6 h6 46. Kf4 Rf7+ 47.
Ke5 h5 48. gxh5 gxh5 49. a5 h4 50. axb6 axb6 51. Nxb6 Bf2 52. Nd5 h3 53. Rh6 h2 54.
Rxh2 Bg3+ 55. Ke6 Bxh2 56. Kxf7 Kc8 57. Ke6 Kb7 58. Kd7 Bg1 59. Ke6 Bf2 60. Kf5 Bg1 61. Ke4 Bc5 62. Kd3 Bg1 63. Kc4 Bf2 64. Kb4 Be1+ 65.
Ka4 Bf2 66. Kb4 Be1+ 67. Kc4 Bf2 68. Nb4 Bg1 69. Nd3 Kb6 70. Ne5 Bf2 71. Nd7+ Kb7 72. Kd5 Bg1 73. Kc4 Bf2 74. Nc5+ Kb6 75. Na4+ Kb7 76.
Nc3 Bg1 77. Nd5 Bf2 1/2-1/2

[Event "Early-Titled-Tuesday-Blitz-September-26-2023"]
[Site "Chess.com"]
[Date "2023.09.26"]
[Round "8"]
[White "Kaiyrbekov"]
[Black "HATilay"]
[Result "1-0"]
[WhiteElo "1663"]
[BlackElo "2560"]
[TimeControl "180+1"]
[EndTime "9:30:23 PDT"]
[Termination "Kaiyrbekov won by checkmate"]

1. e4 c5 2. Nf3 e6 3. c3 d5 4. exd5 Qxd5 5. d4 Nf6 6. Be2 cxd4 7. cxd4 Nc6 8. Nc3 Qd8 9. O-O Be7 10. Be3 O-O 11. Qc2 Nb4 12. Qd2 b6 13. a3 Nbd5 14. Ne5 Bb7 15. Bf3 Rc8 16. Rab1 Ba8 17. Rbc1 a6 18. Ne2 Nd7 19. Rxc8 Qxc8 20. Rc1 Qe8 21.
Bxd5 Bxd5 22. Nc6 Bd6 23. Bf4 Bxf4 24. Qxf4 Nf6 25. Qd6 Bxc6 26. Rxc6 Nd5 27. Nc3 Ne7 28. Rc7 Nf5 29. Qxb6 Qd8 30. Rb7 Qg5 31. h3 Qc1+ 32. Kh2 Qf4+ 33. Kg1 Nxd4 34. Rd7 Qc1+ 35. Kh2 Qf4+ 36.
Kg1 Nf5 37. Rd3 h5 38. Rf3 Qc1+ 39. Kh2 Qd2 40. Ne4 Qd1 41. Ng5 Qc1 42. Nxe6 fxe6 43. Qxe6+ Kh8 44. Rxf5 Qc7+ 45. g3 Rxf5 46. Qxf5 h4 47.
Qh5+ Kg8 48. Qxh4 Qc2 49. Kg2 Qxb2 50. Qc4+ Kh8 51. Qb4 Qe2 52. h4 Kg8 53. a4 Kh8 54.
a5 Kg8 55. Qb6 Qe4+ 56. Kf1 Qd3+ 57. Kg2 Qe4+ 58. Kh2 Qe2 59. Qe3 Qf1 60. Qe6+ Kh8 61. Qe3 Kg8 62. h5 Kh8 63. g4 Kh7 64. g5 Qb1 65. g6+ Kg8 66. Qe8# 1-0

[Event "Early-Titled-Tuesday-Blitz-September-26-2023"]
[Site "Chess.com"]
[Date "2023.09.26"]
[Round "8"]
[White "IngOscarArdila"]
[Black "JosefineHeinemann"]
[Result "0-1"]
[WhiteElo "2381"]
[BlackElo "2550"]
[TimeControl "180+1"]
[EndTime "9:30:27 PDT"]
[Termination "JosefineHeinemann won on time"]

1. d4 d5 2. c4 c6 3. cxd5 cxd5 4. Nc3 Nc6 5. Nf3 Nf6 6. Bg5 e6 7. e3 Be7 8. Bd3 O-O 9. O-O h6 10. Bh4 b6 11. Rc1 Nb4 12. Bb1 Ba6 13. Re1 Rc8 14. a3 Nc6 15. b4 Bc4 16. Nd2 Nb8 17. Nxc4 Rxc4 18. Qd3 Nbd7 19. Nb5 a6 20. Nc3 Qc7 21. Ne2 Rc8 22. Rxc4 Qxc4 23. Qxc4 Rxc4 24. Rc1 a5 25. bxa5 bxa5 26. Bd3 Rxc1+ 27. Nxc1 Bxa3 28. Nb3 Bb4 29. Bb5 Nb6 30. Nc5 Kf8 31. Na4 Nxa4 32. Bxa4 Ne4 33. f3 Nc3 34. Bc2 a4 35. Be1 a3 36. Bxc3 Bxc3 37.
Bb3 Ke7 38. Kf1 Kd6 39. Ke2 Kc6 40. Kd3 Be1 41. e4 dxe4+ 42. fxe4 Kb5 43. d5 e5 44. h3 f6 45. Ba2 Bb4 46. Bb3 Kc5 47. Ba2 Ba5 48. Bb3 Kb4 49. Ba2 Bc7 50. Kc2 h5 51. g4 h4 52. Kd3 Bd6 53. Kc2 Kc5 54. Kd3 Kb6 55. Kc4 g6 56. Bb3 Kc7 57. Ba2 Kd7 58. Kb3 Ke7 59. Bb1 Kf7 60. Kc4 Kg7 61. Kb5 f5 62. exf5 gxf5 63. gxf5 e4 64. Kc4 e3 65. Kd3 Bc5 66. d6 Kf6 67. Ba2 Kxf5 68. d7 Bb6 69. Ke2 Kf4 70. Bc4 Kg3 0-1

[Event "Early-Titled-Tuesday-Blitz-September-26-2023"]
[Site "Chess.com"]
[Date "2023.09.26"]
[Round "8"]
[White "KaydenTroffChess"]
[Black "rezamahdavi2008"]
[Result "1-0"]
[WhiteElo "2778"]
[BlackElo "2871"]
[TimeControl "180+1"]
[EndTime "9:30:28 PDT"]
[Termination "KaydenTroffChess won on time"]

1. d4 Nf6 2. Nf3 g6 3. Bg5 Bg7 4. Nbd2 d5 5. e3 O-O 6. h4 Bg4 7. Be2 c5 8. c3 Nc6 9. dxc5 a5 10. Nd4 Bxe2 11. Qxe2 e5 12. Nxc6 bxc6 13. h5 Qb8 14. b3 Nxh5 15. Qf3 e4 16. Qh3 f5 17. Rc1 Qa7 18. Nf1 h6 19. Bh4 Qxc5 20. Ng3 Nxg3 21.
Bxg3 a4 22. Kf1 axb3 23. axb3 Qb5+ 24. Kg1 Qxb3 25. Bf4 h5 26. Qg3 Kh7 27. Be5 Qb7 28. Bd6 Rfe8 29. Kh2 Re6 30. Bf4 Qe7 31. Rb1 Bf6 32.
Qh3 Bxc3 33. Rb3 Bg7 34. Rhb1 Ra7 35. Rb8 Rd7 36. Rc8 c5 37. Rbb8 d4 38. exd4 cxd4 39. Qb3 d3 40. Bd2 f4 41. Bc3 Bxc3 42. Qxc3 Kh6 43.
Rh8+ Kg5 44. Rb5+ Kg4 45. Qb3 Re5 46. Rb6 Kg5 47. Rg8 Rd6 48. Rbb8 d2 49. Rbe8 Qxe8 50. Rxe8 Rxe8 51. Qb5+ Kf6 52. Qxe8 d1=Q 53. Qf8+ Ke5 54. Qg7+ Kd5 55. Qb7+ Ke6 56. Qc8+ Rd7 57. Qg8+ Kf6 58. Qh8+ Kg5 59. Qe5+ Kh6 60. Qh8+ Rh7 61. Qf8+ Rg7 62.
Qh8+ Rh7 63. Qf8+ Kg5 64. Qc5+ Kh4 65. Qe5 Qg4 66. g3+ fxg3+ 67. fxg3+ 1-0

[Event "Early-Titled-Tuesday-Blitz-September-26-2023"]
[Site "Chess.com"]
[Date "2023.09.26"]
[Round "8"]
[White "MMAHDI2013"]
[Black "Wizard_97"]
[Result "1-0"]
[WhiteElo "2351"]
[BlackElo "2533"]
[TimeControl "180+1"]
[EndTime "9:30:29 PDT"]
[Termination "MMAHDI2013 won by checkmate"]

1. Nf3 Nf6 2. c4 e6 3. g3 d5 4. Bg2 Be7 5. O-O dxc4 6. Qa4+ Bd7 7. Qxc4 c5 8. Ne5 Qc8 9. a4 Nc6 10. Nxd7 Qxd7 11. a5 O-O 12. Qa4 Rac8 13. Nc3 Rfd8 14. d3 Nd5 15. Nxd5 exd5 16. Be3 d4 17. Bd2 Ne5 18.
Qxd7 Nxd7 19. Bxb7 Rb8 20. a6 Nb6 21. Rfc1 Rd7 22.
Bc6 Rdd8 23. Bf4 Bd6 24. Bxd6 Rxd6 25. Rxc5 Rc8 26. Rac1 Kf8 27. Bf3 Rxc5 28. Rxc5 Ke7 29. Rc7+ Rd7 30. Rb7 Kd6 31. b4 Rxb7 32. Bxb7 Na4 33.
Kf1 Nc3 34. Ke1 Kc7 35. Kd2 Kb6 36. e3 Na2 37. Bd5 Nxb4 38. Bxf7 dxe3+ 39. fxe3 Nxa6 40. Kc3 Nc7 41. d4 a5 42. e4 Nb5+ 43. Kd3 Kc7 44. e5 Kd7 45. Ba2 g5 46. Kc4 Nc7 47. d5 h5 48. Kc5 h4 49. e6+ Nxe6+ 50. dxe6+ Ke7 51. gxh4 gxh4 52. Kd5 a4 53. Ke4 a3 54. Kf3 Kf6 55. Kg2 Ke7 56. Kh3 Kf6 57. Kxh4 Ke7 58. h3 Kf6 59. Kg3 Ke7 60. h4 Kf6 61. Kg4 Ke7 62. h5 Kf6 63. h6 Kg6 64. e7 Kf6 65. h7 Kg7 66. h8=Q+ Kxh8 67. e8=Q+ Kh7 68. Qg8+ Kh6 69. Qg5+ Kh7 70. Bb1+ Kh8 71. Qh6+ Kg8 72. Ba2# 1-0

[Event "Early-Titled-Tuesday-Blitz-September-26-2023"]
[Site "Chess.com"]
[Date "2023.09.26"]
[Round "8"]
[White "Me_ch_an"]
[Black "ExchangeAB"]
[Result "0-1"]
[WhiteElo "2337"]
[BlackElo "2439"]
[TimeControl "180+1"]
[EndTime "9:30:29 PDT"]
[Termination "ExchangeAB won on time"]

1. e4 c6 2. d4 d5 3. Nd2 dxe4 4. Nxe4 Bf5 5. Ng3 Bg6 6. Nf3 Nd7 7. h4 h6 8. h5 Bh7 9. Bd3 Bxd3 10. Qxd3 e6 11.
Bd2 Ngf6 12. O-O-O Be7 13. Ne4 Nxe4 14. Qxe4 Nf6 15. Qe2 Qd5 16. c4 Qe4 17. Qxe4 Nxe4 18. Be3 f5 19. Ne5 f4 20. f3 Ng3 21. Ng6 fxe3 22. Nxh8 Nxh1 23. Rxh1 O-O-O 24. Rd1 e2 25. Re1 Rxd4 26. Rxe2 Rxc4+ 27. Kb1 Bg5 28. b3 Rc1+ 29.
Kb2 Rg1 30. g4 Bf6+ 31. Kc2 Ra1 32. Kd3 Rd1+ 33. Kc2 Rf1 34. Rxe6 Rxf3 35. Nf7 Rf2+ 36. Kd3 Rf4 37. a4 Rxg4 38. Nxh6 Rh4 39. Ng8 Rxh5 40. Nxf6 gxf6 41. Rxf6 Rc5 42. Kd4 Rc1 43. Kd3 Kc7 44.
Rf7+ Kb6 45. a5+ Ka6 46. b4 b6 47. axb6 axb6 48. Rh7 Kb5 49. Rh6 Kxb4 50. Kd2 Rc5 51. Kd3 Kb5 52. Kd4 Rg5 53. Kc3 c5 54. Rh3 Rg4 55. Rf3 Ra4 56. Kb2 c4 57. Rh3 Kb4 58. Rh6 b5 59. Rh3 Ra7 60. Rg3 Rh7 61. Rg2 Rh3 62.
Rf2 Ra3 63. Rg2 c3+ 64. Kb1 Kb3 65. Rb2+ Kc4 66. Rh2 b4 67. Rg2 Ra7 68. Rh2 Re7 69. Rh1 Re2 0-1

[Event "Early-Titled-Tuesday-Blitz-September-26-2023"]
[Site "Chess.com"]
[Date "2023.09.26"]
[Round "8"]
[White "LoaySameer"]
[Black "ActorXu"]
[Result "1-0"]
[WhiteElo "2623"]
[BlackElo "2701"]
[TimeControl "180+1"]
[EndTime "9:30:38 PDT"]
[Termination "LoaySameer won by checkmate"]

1. Nf3 d5 2. g3 Nf6 3. Bg2 e6 4. O-O Be7 5. d3 O-O 6. Nbd2 c5 7. e4 Nc6 8. Re1 b5 9. exd5 Nxd5 10. c4 bxc4 11.
dxc4 Ndb4 12. Ne5 Bb7 13. a3 Nxe5 14. Bxb7 Nbd3 15. Bxa8 Nxe1 16. Qxe1 Nd3 17. Qe2 Nxc1 18. Rxc1 Qxa8 19. Ne4 Rd8 20. h4 Qb7 21. h5 Rd4 22.
f3 h6 23. Kg2 Qd7 24. Rc2 f5 25. Nf2 Bf6 26. b4 e5 27. bxc5 Qc6 28. Rd2 Qxc5 29. Rxd4 Qxd4 30. Qd3 Qxd3 31. Nxd3 Kf7 32. g4 fxg4 33.
fxg4 e4 34. Nc5 Be7 35. Nxe4 Bxa3 36. Kf3 Ke6 37. g5 Be7 38. gxh6 gxh6 39. Nc3 a5 40. Nd5 a4 41. Nc3 a3 42. Ke4 Bd6 43. Na2 Bc5 44. Nc3 Bb4 45. Na2 Bd2 46. Kd3 Be1 47. Ke4 Kd6 48.
Kd4 Bf2+ 49. Kc3 Bc5 50. Kd3 Ke5 51. Nc3 Kf5 52. Kc2 Kg4 53. Ne4 Bd4 54. Kb3 Kxh5 55. Kxa3 Kg4 56. c5 Kf4 57. c6 Be5 58. Nf6 Bd6+ 59. Kb3 Kg5 60. Ne4+ Kf5 61. Nxd6+ Ke6 62. c7 Kxd6 63. c8=Q h5 64. Qh3 h4 65. Qxh4 Ke5 66. Kc3 Kf5 67. Kd4 Kg6 68. Ke5 Kf7 69. Qf6+ Ke8 70. Qg7 Kd8 71. Kd6 Kc8 72. Qc7# 1-0

[Event "Early-Titled-Tuesday-Blitz-September-26-2023"]
[Site "Chess.com"]
[Date "2023.09.26"]
[Round "8"]
[White "LUISMIGUELOV"]
[Black "ChessArchitect64"]
[Result "0-1"]
[WhiteElo "2134"]
[BlackElo "2243"]
[TimeControl "180+1"]
[EndTime "9:30:43 PDT"]
[Termination "ChessArchitect64 won on time"]

1. c4 Nf6 2. g3 e6 3. Bg2 Be7 4. Nc3 O-O 5. d4 d5 6. cxd5 exd5 7. Bg5 Be6 8. Nf3 Nbd7 9. Ne5 c5 10. Nxd7 Qxd7 11.
dxc5 d4 12. Bxf6 Bxf6 13. Ne4 Be7 14. O-O Rac8 15. b4 Rfd8 16. a3 b6 17. cxb6 axb6 18.
Rc1 Rxc1 19. Qxc1 f5 20. Ng5 Bd5 21. Bxd5+ Qxd5 22. h4 h6 23. Nh3 Qe4 24. Qc4+ Kh7 25. Nf4 Bxh4 26. Qf7 Rd6 27. f3 Qe3+ 28. Kg2 Bg5 29.
Qxf5+ Kg8 30. Qc8+ Rd8 31. Qc4+ Kh7 32. Ne6 Re8 33.
Nxg5+ hxg5 34. Qd3+ Qxd3 35. exd3 Re3 36. Rd1 Re2+ 37. Kh3 Ra2 38. Kg4 Rxa3 39. Kxg5 Rb3 40. Kf5 Rxb4 41. Ke4 Kg6 42. g4 Kg5 43. Rh1 b5 44.
Rh5+ Kg6 45. Rd5 Rb1 46. Rxd4 b4 47. f4 b3 48. Rd6+ Kf7 49. Rb6 b2 50. Kd4 Rf1 51. Rxb2 Rxf4+ 52. Ke5 Rxg4 53. d4 Rg5+ 54. Kf4 Ra5 55.
d5 Rxd5 56. Rb3 Kg6 57. Kg4 Rd4+ 58. Kg3 Kh5 59. Ra3 g5 60. Rb3 Rd1 61. Ra3 Rg1+ 62. Kh2 Rg4 63. Kh3 Rh4+ 64. Kg2 Rf4 65. Kg3 Rf6 66. Kg2 Kg4 67. Rb3 Rf4 0-1

[Event "Early-Titled-Tuesday-Blitz-September-26-2023"]
[Site "Chess.com"]
[Date "2023.09.26"]
[Round "8"]
[White "Mystery2007"]
[Black "Alenzer"]
[Result "1-0"]
[WhiteElo "2472"]
[BlackElo "2118"]
[TimeControl "180+1"]
[EndTime "9:30:51 PDT"]
[Termination "Mystery2007 won on time"]

1. b3 d5 2. Bb2 c5 3. e3 Nc6 4. c4 e6 5. Nf3 Nf6 6. a3 Be7 7. Qc2 O-O 8. Be2 dxc4 9. Bxc4 a6 10. O-O b5 11. Bd3 Bb7 12. Ng5 g6 13. h4 Nd5 14.
Nxe6 fxe6 15. Bxg6 Bf6 16. Bxh7+ Kh8 17. Be4 Bxb2 18.
Qxb2+ Qf6 19. Nc3 Nxc3 20. dxc3 Nd8 21. Bxb7 Nxb7 22. Rad1 Rad8 23. Qe2 Qg6 24. f4 Rg8 25. h5 Qe4 26. Rf3 Rxd1+ 27. Qxd1 Rd8 28. Qe1 Rg8 29. Qf2 Nd6 30. Rg3 Qb1+ 31. Kh2 Rxg3 32. Qxg3 Qf5 33. Qf3 Ne4 34. g4 Qd5 35. g5 Qd2+ 36.
Kh3 Nf2+ 37. Kg3 Nd3 38. Qa8+ Kg7 39. Qb7+ Kf8 40. Qc8+ Kf7 41. Qd7+ Kf8 42. Qd6+ Kg7 43. Qe7+ Kg8 44. Qxe6+ Kf8 45. Qc8+ Ke7 46. Qc7+ Ke6 47.
Qc6+ Ke7 48. Qf6+ Kd7 49. Qf7+ Kc6 50. Qe6+ Kc7 51. Qe7+ Kb6 52. Qd6+ Kb7 53. Qd5+ Kb6 54. Qf3 Qxc3 55. g6 Qf6 56. Qe4 c4 57. bxc4 bxc4 58.
Qxc4 Nc5 59. Qb4+ Kc6 60. Qd4 Qf5 61. Qe5 Ne4+ 62. Kf3 Nd2+ 63. Ke2 Nc4 64. Qxf5 Nd6 65. Qe6 Kc5 66. f5 Nc4 67. f6 Ne5 68. Qxe5+ 1-0

[Event "Early-Titled-Tuesday-Blitz-September-26-2023"]
[Site "Chess.com"]
[Date "2023.09.26"]
[Round "8"]
[White "Keeper0416"]
[Black "Kirill_Klukin"]
[Result "1-0"]
[WhiteElo "2585"]
[BlackElo "2712"]
[TimeControl "180+1"]
[EndTime "9:30:52 PDT"]
[Termination "Keeper0416 won by resignation"]

1. d4 d5 2. Bf4 c5 3. e3 Nf6 4. c3 Qb6 5. Qb3 c4 6. Qxb6 axb6 7. Na3 e5 8. Nb5 Ra5 9. dxe5 Nh5 10. Nd4 Nxf4 11.
exf4 Bc5 12. Ngf3 Nc6 13. Nxc6 bxc6 14. a3 Bg4 15. Be2 Bxf3 16. Bxf3 Ke7 17. Ke2 b5 18. Rad1 Rd8 19. Rd2 g6 20. g4 f6 21.
exf6+ Kxf6 22. Re1 Bd6 23. Rd4 Bc5 24. Rd2 Re8+ 25. Kf1 Rxe1+ 26. Kxe1 Ra7 27. Kf1 Re7 28.
Re2 Ra7 29. Kg2 Bd6 30. g5+ Kf7 31. Kg3 Re7 32. Re3 Bc5 33. Re5 Rxe5 34. fxe5 Ke6 35. Kf4 Bxf2 36. Bg4+ Ke7 37. Bc8 Be1 38. Ke3 Bh4 39.
Kf4 Kd8 40. Bb7 Kc7 41. e6 Kd6 42. e7 Kxe7 43. Bxc6 Kd6 44. Bxb5 Be1 45. Ke3 Bh4 46. Kf4 Bf2 47. Ba4 Bb6 48. Bc2 Ke6 49. h4 Bc7+ 50.
Kg4 Be5 51. h5 Kf7 52. hxg6+ hxg6 53. a4 d4 54. cxd4 Bxd4 55. b3 cxb3 56. Bxb3+ Ke7 57. Bc2 Be3 58. Bxg6 Kd6 59. Bd3 Ke5 60. g6 Kf6 61. Kf3 Bb6 62. Ke2 Ba5 63. Be4 Bc3 64. Kd3 Ba5 65. Kc4 Bc7 66. Kb5 Bd8 67. a5 Bxa5 68.
Kxa5 Kg7 69. Kb6 Kg8 70. Kc5 Kh8 71. Kd4 Kg7 72. Ke3 Kh8 73. Kf4 Kg7 74. Kg5 Kh8 75.
Kh6 Kg8 76. g7 1-0

[Event "Early-Titled-Tuesday-Blitz-September-26-2023"]
[Site "Chess.com"]
[Date "2023.09.26"]
[Round "8"]
[White "andrzej"]
[Black "Dewarfd"]
[Result "1-0"]
[WhiteElo "2453"]
[BlackElo "2153"]
[TimeControl "180+1"]
[EndTime "9:30:52 PDT"]
[Termination "andrzej won on time"]

1. e4 e5 2. Nf3 Nc6 3. Bb5 Nf6 4.
d3 Ne7 5. Bc4 c6 6. Nc3 Ng6 7. O-O Be7 8. d4 d6 9. Re1 O-O 10. dxe5 dxe5 11. Qxd8 Rxd8 12. Bg5 Bg4 13. Nd2 h6 14. Bxf6 Bxf6 15. Nf1 Nf4 16. f3 Be6 17. Ne3 Rd2 18. Rad1 Rad8 19. Rxd2 Rxd2 20. Rd1 Rxd1+ 21.
Ncxd1 Be7 22. Bxe6 Nxe6 23. Nf5 Bc5+ 24. Kf1 f6 25. c3 Nf4 26. b3 Nd3 27. b4 Bf8 28. a4 a5 29. bxa5 Nc5 30. Nb2 Nb3 31. a6 bxa6 32. Ke2 Ba3 33. Nc4 Bc5 34. g4 Bg1 35. h4 Kh7 36. h5 g6 37. hxg6+ Kxg6 38. Ne7+ Kg5 39. Nxc6 Nc5 40. a5 h5 41. gxh5 Kxh5 42.
Kf1 Bh2 43. Ne7 Bf4 44. Nd5 Kg5 45. Ke2 Bh2 46. Nd6 Nb3 47. Ne8 Nxa5 48. Nexf6 Nc6 49. Kd3 Bg1 50. Kc4 Bf2 51. Nd7 Be1 52. N7b6 a5 53.
Na4 Nd8 54. Kb5 Nb7 55. Kb6 Nd6 56. Kxa5 Nc4+ 57. Kb5 Nd2 58. c4 Nxf3 59. c5 Nd4+ 60. Kc4 Nc6 61. Nab6 Ba5 62. Nd7 Bd8 63. Nf8 Kg4 64. Ne6 Kf3 65. Nxd8 Nxd8 66. Nf6 Kf4 67. Kd5 Ke3 68. c6 1-0

[Event "Early-Titled-Tuesday-Blitz-September-26-2023"]
[Site "Chess.com"]
[Date "2023.09.26"]
[Round "8"]
[White "ShahMatKanal"]
[Black "Defenstrator"]
[Result "0-1"]
[WhiteElo "2483"]
[BlackElo "2378"]
[TimeControl "180+1"]
[EndTime "9:30:54 PDT"]
[Termination "Defenstrator won on time"]

1. e4 d5 2. Nc3 dxe4 3. Nxe4 Bf5 4. Ng3 Bg6 5. h4 h6 6. h5 Bh7 7. Bc4 Nc6 8. d3 Na5 9. Bb5+ c6 10. Ba4 b5 11.
Bb3 Nf6 12. Nf3 e6 13. Qe2 Bb4+ 14. Bd2 Bxd2+ 15. Nxd2 O-O 16. Nde4 Nxb3 17. axb3 Nd5 18. O-O Qh4 19. Qf3 a5 20. Ne2 Bf5 21. g3 Qg4 22.
Nd2 Qxf3 23. Nxf3 Bg4 24. Kg2 Bxh5 25. Rh1 Bxf3+ 26. Kxf3 Nb4 27. Rac1 a4 28. bxa4 Rxa4 29. Nc3 Ra7 30. Rh4 Nd5 31. Ne4 Ra2 32. b3 Rfa8 33. c4 Nb4 34. cxb5 Nxd3 35. Rd1 Ne5+ 36. Kf4 Ng6+ 37.
Ke3 Nxh4 38. gxh4 cxb5 39. Rd3 Rb2 40. Nc5 Raa2 41. f3 e5 42. Ke4 f6 43. Rd8+ Kf7 44.
h5 Ke7 45. Rd7+ Ke8 46. Rxg7 Rc2 47. Ne6 Re2+ 48. Kf5 Rf2 49. Kxf6 Rxf3+ 50. Kxe5 Re2+ 51. Kd6 Rd3+ 52. Kc5 Rxe6 53. Rg8+ Kf7 54. Rb8 Rg3 55. Kxb5 Rg5+ 56. Ka4 Rxh5 57. b4 Re4 58. Ka3 Rh3+ 59.
Ka4 Rhh4 60. Ka5 h5 61. b5 Ra4+ 62. Kb6 Ke7 63. Rb7+ Kd6 64. Rh7 Rh1 65. Rh6+ Kd5 66. Kb7 Rb4 67. b6 h4 68. Rh5+ Kc4 69. Kc7 h3 70.
Rh4+ Kc3 71. Rxb4 h2 72. b7 Rc1 73. b8=Q h1=Q 0-1

[Event "Early-Titled-Tuesday-Blitz-September-26-2023"]
[Site "Chess.com"]
[Date "2023.09.26"]
[Round "8"]
[White "Zampronha1971"]
[Black "ajedrezhoy"]
[Result "1/2-1/2"]
[WhiteElo "2273"]
[BlackElo "2381"]
[TimeControl "180+1"]
[EndTime "9:30:55 PDT"]
[Termination "Game drawn by repetition"]

1. e4 Nf6 2. e5 Nd5 3. d4 d6 4. c4 Nb6 5. exd6 cxd6 6. Nc3 g6 7. Be3 Bg7 8. Rc1 O-O 9. b3 Bf5 10. Nf3 d5 11. c5 N6d7 12. Nxd5 Nc6 13. Nc3 e5 14. d5 Nd4 15. Nxd4 exd4 16. Bxd4 Re8+ 17. Be2 Qh4 18. Bxg7 Kxg7 19. O-O Nxc5 20. Qd2 Rad8 21. Nb5 Ne4 22. Qd4+ Kg8 23. f3 a6 24. Nc7 Qf6 25. Qxf6 Nxf6 26. Nxe8 Rxe8 27. Rfe1 Nxd5 28. Bc4 Rd8 29.
Rcd1 Be6 30. Bxd5 Rxd5 31. Rxd5 Bxd5 32. Re7 Kf8 33. Rc7 Kg7 34. Kf2 Kf6 35. Ke3 Ke6 36.
Rc8 h5 37. h4 Bc6 38. g4 hxg4 39. fxg4 f5 40. h5 gxh5 41. gxh5 Ke5 42. h6 f4+ 43. Kf2 Kf6 44. Rg8 Be4 45. Rg7 a5 46. Rc7 Kg6 47.
Rc4 Bb1 48. a3 Kxh6 49. Rxf4 Kg6 50. Ke1 Kg5 51. Rf7 Be4 52. Re7 Kf5 53. Kd2 Bd5 54. Kc3 Kf6 55. Re1 Be6 56. b4 axb4+ 57. axb4 Ke7 58.
Kd4 Kd6 59. Rc1 Bd5 60. Rg1 Bc6 61. Rg6+ Kc7 62. Kc5 b6+ 63. Kd4 Bf3 64. Rg5 Bh1 65. b5 Bf3 66. Rg7+ Kc8 67. Ke5 Bh1 68. Kd6 Bf3 69.
Rc7+ Kb8 70. Rf7 Bg2 71. Rf8+ Kb7 72. Rg8 Bf3 73. Rg7+ Kb8 74. Rc7 Bg2 75. Rc2 Bf3 76.
Kd7 Be4 77. Rc6 Bf3 78. Kd6 Kb7 79. Rc7+ Kb8 80. Rc6 Kb7 81. Rc3 Be4 82. Rg3 Bh1 83. Rg7+ Kb8 84. Kd7 Bf3 85. Rg3 Be4 86. Rc3 Bg2 87.
Rc6 Kb7 88. Rc7+ Kb8 89. Rc2 Bf3 90. Rd2 Be4 91. Kd6 Bf3 92. Rf2 Be4 93. Rf7 Bg2 94.
Rg7 Bf3 95. Rg3 Be4 96. Ra3 Kb7 97. Re3 Bg2 98. Re7+ Kb8 99. Re5 Bf3 100. Rg5 Be4 101. Rg7 Bf3 1/2-1/2